 Dungeon Crawl Stone Soup version 0.19.0-2-gae57169 (webtiles) character file.

58809 Querens the Protected (level 14, -3/127 HPs)
             Began as a Deep Dwarf Fighter on Nov 5, 2016.
             Was the Champion of Makhleb.
             Killed from afar by a shock serpent (14 damage)
             ... with a bolt of electricity
             ... on level 1 of the Snake Pit on Nov 6, 2016.
             The game lasted 02:13:19 (13977 turns).

Querens the Protected (Deep Dwarf Fighter)         Turns: 13977, Time: 02:13:19

Health: -3/127     AC: 16    Str: 17    XL:     14   Next: 50%
Magic:  18/18      EV: 17    Int: 14    God:    Makhleb [******]
Gold:   1050       SH: 22    Dex: 20    Spells: 0 memorised, 13 levels left

rFire  + + .     SeeInvis .     S - +12 broad axe of Rupnakki {flame, +Blink MR- Dex+4}
rCold  x . .     Gourm    .     x - +1 ring mail of the Orb {MR+ rCorr Str-4 Int+5}
rNeg   + . .     Faith    .     b - +2 large shield {AC+3}
rPois  .         Spirit   .     (no helmet)
rElec  .         Reflect  +     F - +0 cloak
rCorr  +         Harm     .     I - +0 pair of gloves
MR     +++..     Rnd*Rage +     h - +0 pair of boots
Stlth  +.........               z - +2 amulet of reflection
                                j - ring of fire
                                d - ring of protection from fire

@: very slightly contaminated, non-regenerating, hasted, very quick
A: damage resistance, recharge devices, berserk 1, magic resistance 1, mutation
resistance 1, negative energy resistance 1, sense surroundings 2, screaming 1,
slow regeneration 3
a: Device Recharging, Minor Destruction, Lesser Servant of Makhleb, Major
Destruction, Greater Servant of Makhleb, Renounce Religion, Evoke Blink


You were on level 1 of the Snake Pit.
You worshipped Makhleb.
Makhleb was exalted by your worship.
You were hungry.

You visited 4 branches of the dungeon, and saw 20 of its levels.
You also visited: Labyrinth and Sewer.

You collected 1190 gold pieces.
You spent 140 gold pieces at shops.

Inventory:

Hand Weapons
 c - the +1 long sword "Noahuomo" {slice, rF+ MP+9 Str+4}
   (You found it on level 1 of the Snake Pit)

   It inflicts extra damage upon your enemies.
   It affects your strength (+4).
   It protects you from fire.
   It affects your magic capacity (+9).
 S - the +12 broad axe of Rupnakki (weapon) {flame, +Blink MR- Dex+4}
   (You acquired it on level 5 of the Lair of Beasts)

   It has been specially enchanted to burn those struck by it, causing extra
   injury to most foes and up to half again as much damage against particularly
   susceptible opponents.
   Big, fiery blades are also staple armaments of hydra-hunters.
   It affects your dexterity (+4).
   It affects your resistance to hostile enchantments.
   It lets you blink.
Armour
 b - a +2 large shield of protection (worn)
 h - a +0 pair of boots (worn)
 x - the +1 ring mail of the Orb (worn) {MR+ rCorr Str-4 Int+5}
   (You found it on level 1 of the Lair of Beasts)

   It affects your strength (-4).
   It affects your intelligence (+5).
   It affects your resistance to hostile enchantments.
   It protects you from acid and corrosion.
 y - a +0 scale mail of cold resistance
 F - a +0 cloak (worn)
 I - a +0 pair of gloves (worn)
Jewellery
 d - a ring of protection from fire (left hand)
 j - a ring of fire (right hand)
 m - an uncursed amulet of magic regeneration
 z - a +2 amulet of reflection (around neck)
 B - an uncursed ring of positive energy
 J - an uncursed amulet of guardian spirit
 N - a +3 ring of evasion
Wands
 a - a wand of paralysis (5/24)
 e - a wand of heal wounds (0/9)
 C - a wand of slowing (22/48)
 H - a wand of disintegration (17/24)
 R - a wand of confusion (23/48)
 U - a wand of lightning (6/15)
 V - a wand of paralysis (9/24)
 Y - a wand of teleportation (4/9)
Scrolls
 g - 10 scrolls of remove curse
 i - 2 scrolls of silence
 k - 2 scrolls of immolation
 l - 3 scrolls of identify
 n - a scroll of enchant weapon
 q - 4 scrolls of fog
 s - 2 scrolls of amnesia
 u - 3 scrolls of blinking
 G - 7 scrolls of teleportation
 L - 3 scrolls of enchant armour
 Q - 2 scrolls of torment
 T - a scroll of magic mapping
Potions
 o - a potion of agility
 p - 7 potions of curing
 t - 2 potions of mutation
 A - a potion of magic {unknown}
 D - 3 potions of lignification
 E - a potion of ambrosia
 K - 2 potions of might
 O - 3 potions of brilliance
 P - 2 potions of flight
 W - 2 potions of cure mutation
Books
 r - a book of Burglary

   Spells                             Type                      Level
   a - Swiftness                      Charms/Air                   2
   b - Passwall                       Transmutation/Earth          2
   c - Passage of Golubria            Translocation                4
   d - Lee's Rapid Deconstruction     Earth                        5
   e - Darkness                       Hexes                        6
   f - Invisibility                   Hexes                        6
Comestibles
 f - 14 bread rations
 v - 6 meat rations
 w - 11 fruits
 M - 31 royal jellies


   Skills:
 * Level 8.8 Fighting
 * Level 13.1 Axes
 * Level 13.4 Armour
 * Level 11.4 Dodging
 * Level 12.6 Shields
 * Level 3.6 Invocations
 + Level 10.3 Evocations


You had 13 spell levels left.
You didn't know any spells.

Dungeon Overview and Level Annotations

Branches:
Dungeon (12/15)            Temple (1/1) D:4            Lair (6/6) D:10
 Shoals (0/4) Lair:2        Snake (1/4) Lair:4        Slime (0/5) Lair:5
    Orc (0/2) D:9

Altars:
Ashenzari
Cheibriados
Dithmenos
Elyvilon
Fedhas
Gozag
Hepliaklqana
Kikubaaqudgha
Makhleb
Nemelex Xobeh
Okawaru
Qazlal
Ru
Sif Muna
Trog
Uskayaw
Vehumet
Xom
Yredelemnul
Zin
The Shining One
Beogh
Jiyva

Shops:
D:5 [   D:6 *!:(   D:8 %   D:9 *


Innate Abilities, Weirdness & Mutations

You are resistant to damage.
You can recharge devices by infusing magical energy.
You resist negative energy. (rN+)
You passively map the area around you.
You do not regenerate.
You tend to lose your temper in combat.
You are resistant to hostile enchantments. (MR+)
You are somewhat resistant to further mutation.
You occasionally shout uncontrollably at your foes.


Message History

* * * LOW HITPOINT WARNING * * *
The bolt of electricity hits the shock serpent.
The shock serpent completely resists.
A naga warrior comes into view. It is wielding a battleaxe.
You feel much better. You block the shock serpent's attack.
The naga warrior spits poison at you.
The splash of poison reflects off an invisible shield around you!
The splash of poison hits the naga warrior.
The naga warrior is poisoned.
You feel yourself speed up. You block the shock serpent's attack.
The shock serpent bites you!
* * * LOW HITPOINT WARNING * * *
The shock serpent shocks you!
* * * LOW HITPOINT WARNING * * *
You are very lightly contaminated with residual magic.
The naga warrior spits poison at you. The splash of poison misses you.
The shock serpent shoots out a bolt of lightning at you!
The bolt of electricity hits you!
You die...

#......###.##..## #####
#......###.....# ##...#
#...##.##....>##
#....########.(...)###
#........#....#(..))####
#........#.##.#.###)(.#.
####.......#....# #.....
###........###..### #.....
* #.....#..@......###
###... **
..#....S#######....#######
,.#.N..#...................
* #......##...##......#....
, ,, ....##### ....
.....#⌠... ,.#.# * * .:#
#......†. , , ... ,
,##.##...(.†<) * .. * * ,
,, ........).. * ** , ,
.......)...


You could see a naga warrior and a shock serpent.

Vanquished Creatures
  A fire dragon (Lair:6)
  6 hydras
  A naga warrior (Snake:1)
  Harold (Lair:3)
  The ghost of soberaf the Basher, a journeyman KoIE of Sif Muna (Lair:2)
  An anaconda (Snake:1)
  A naga sharpshooter (Snake:1)
  A naga ritualist (Snake:1)
  2 lindwurms
  7 mana vipers (Snake:1)
  A hill giant (D:9)
  An oklob plant (Lair:1)
  3 salamanders (Snake:1)
  A manticore (D:11)
  A torpor snail (Lair:6)
  Psyche (D:8)
  A naga mage (Snake:1)
  13 black mambas
  The ghost of ayyllmao the Cudgeler, a novice DgFi (D:4)
  3 molten gargoyles (Lair:6)
  4 gargoyles (Lab)
  7 spiny frogs
  A rime drake (Lair:2)
  6 komodo dragons
  3 hornets (Lair:5)
  A queen bee (Lair:3)
  A two-headed ogre (D:11)
  13 blink frogs
  4 trolls
  16 dream sheep
  4 hippogriffs
  A slime creature (D:11)
  Sigmund (D:2)
  12 spriggans (Lair:5)
  A shadow (D:10)
  7 wyverns
  A fire elemental (Lair:6)
  15 yaks
  Eustachio (D:5)
  2 hungry ghosts
  8 basilisks
  13 nagas
  A soldier ant (D:11)
  13 water moccasins
  5 hell hounds (Lair:6)
  7 porcupines
  An ice beast (D:7)
  3 sky beasts
  4 orc warriors
  2 black bears
  8 ogres
  9 wolves
  3 phantoms
  3 boggarts (Lair:5)
  9 centaurs
  7 crocodiles
  A big kobold (D:11)
  14 bullfrogs
  A gnoll sergeant (D:11)
  5 scorpions
  44 killer bees
  A water moccasin skeleton (D:7)
  6 wights
  3 howler monkeys
  A crimson imp (D:11)
  4 lava snakes (Lair:6)
  A centaur zombie (D:8)
  A bullfrog zombie (D:5)
  6 jellies
  5 hounds
  4 orc priests
  9 orc wizards
  2 bullfrog skeletons
  Ijyb (D:2)
  2 iguanas
  6 worker ants
  A killer bee zombie (D:10)
  A hound zombie (D:8)
  A hound skeleton (D:7)
  12 gnolls
  16 adders
  A river rat (D:4)
  3 shadow imps
  20 oozes
  An adder zombie (D:9)
  6 adder skeletons
  A dart slug (D:1)
  10 leopard geckos
  37 orcs
  11 ball pythons
  9 bats
  15 giant cockroaches
  4 goblins
  6 hobgoblins
  16 jackals
  12 kobolds
  6 quokkas
  12 frilled lizards
  A jackal skeleton (D:4)
  A leopard gecko skeleton (D:8)
  A leopard gecko zombie (D:5)
  2 quokka skeletons
  11 rats
  7 fungi
  3 plants
589 creatures vanquished.

Vanquished Creatures (others)
  A naga sharpshooter (Snake:1)
  A naga mage (Snake:1)
  A fungus (Lair:4)
  2 plants
5 creatures vanquished.

Grand Total: 594 creatures vanquished

Notes
Turn   | Place    | Note
-------+----------+-------------------------------------------
     0 | D:1      | Querens the Deep Dwarf Fighter began the quest for the Orb.
     0 | D:1      | Reached XP level 1. HP: 20/20 MP: 1/1
   312 | D:1      | Reached skill level 1 in Dodging
   312 | D:1      | Reached XP level 2. HP: 24/27 MP: 2/2
   745 | D:1      | Reached XP level 3. HP: 28/33 MP: 3/3
   800 | D:2      | Noticed Ijyb
   816 | D:2      | Killed Ijyb
   925 | D:2      | Reached XP level 4. HP: 26/42 MP: 4/4
   967 | D:2      | Found a sparkling altar of Nemelex Xobeh.
   994 | D:2      | Noticed Sigmund
  1005 | D:2      | Killed Sigmund
  1005 | D:2      | Reached XP level 5. HP: 15/49 MP: 5/5
  1345 | D:3      | Reached XP level 6. HP: 34/56 MP: 6/6
  1444 | D:3      | Found a glowing golden altar of the Shining One.
  1507 | D:3      | Noticed an orc warrior
  1534 | D:3      | Killed an orc warrior
  1539 | D:3      | Reached skill level 5 in Armour
  1813 | D:4      | Found a staircase to the Ecumenical Temple.
  1821 | Temple   | Entered the Ecumenical Temple
  1900 | D:4      | Noticed ayyllmao's ghost (novice DgFi)
  1964 | D:4      | Killed ayyllmao's ghost
  1964 | D:4      | Reached skill level 5 in Shields
  1964 | D:4      | Reached XP level 7. HP: 26/62 MP: 6/6
  2087 | D:4      | Found a glowing drain.
  2091 | Sewer    | Entered a sewer
  2419 | Sewer    | Reached skill level 5 in Axes
  2431 | Sewer    | Reached XP level 8. HP: 45/72 MP: 7/7
  2495 | D:4      | Found a shimmering altar of Xom.
  2850 | D:5      | Entered Level 5 of the Dungeon
  3252 | D:5      | Found a basalt altar of Yredelemnul.
  3290 | D:5      | Noticed Eustachio
  3299 | D:5      | Killed Eustachio
  3299 | D:5      | Reached skill level 5 in Dodging
  3322 | D:5      | Found a white marble altar of Elyvilon.
  3368 | D:5      | Found Caug's Armour Emporium.
  3568 | D:6      | Found Said Agoef's Distillery.
  3574 | D:6      | Bought a potion of lignification for 33 gold pieces
  3574 | D:6      | Bought a potion of heal wounds for 55 gold pieces
  3580 | D:6      | Found Soygua's Book Boutique.
  3606 | D:6      | Gained mutation: You passively map the area around you. [Deep Dwarf growth]
  3606 | D:6      | Reached XP level 9. HP: 25/79 MP: 7/7
  3656 | D:6      | Found Uvoerres's Assorted Antiques.
  3662 | D:6      | Bought a sedimented inky potion for 16 gold pieces
  3662 | D:6      | Bought a scroll labeled BOOQUOMMUIN for 18 gold pieces
  3662 | D:6      | Bought a scroll labeled KUCEXA SOPNU for 18 gold pieces
  3948 | D:6      | Found a sacrificial altar of Ru.
  4084 | D:6      | Found Oshruok's Antique Weapon Shop.
  4186 | D:7      | Noticed a troll
  4233 | D:6      | HP: 3/79 [troll (9)]
  4238 | D:6      | Killed a troll
  4462 | D:7      | Reached skill level 5 in Fighting
  4467 | D:7      | Gained mutation: You are resistant to hostile enchantments. (MR+) [mutagenic meat]
  4630 | D:7      | Reached skill level 10 in Armour
  4630 | D:7      | Reached XP level 10. HP: 55/92 MP: 7/7
  5136 | D:8      | Noticed Psyche
  5145 | D:8      | Killed Psyche
  5145 | D:8      | Reached skill level 10 in Axes
  5145 | D:8      | Reached skill level 1 in Evocations
  5264 | D:8      | Reached XP level 11. HP: 52/99 MP: 9/9
  5302 | D:8      | Found a viscous altar of Jiyva.
  5334 | D:8      | Found Exynozosch's Food Shop.
  5567 | D:8      | Found a stormy altar of Qazlal.
  5572 | D:8      | Found a snail-covered altar of Cheibriados.
  5630 | D:9      | Noticed a hill giant
  5636 | D:9      | Killed a hill giant
  5857 | D:9      | Found a glowing silver altar of Zin.
  5899 | D:9      | Found Depy's Desiderata Depot.
  5927 | D:9      | Found a bloodstained altar of Trog.
  5992 | D:9      | Found a staircase to the Orcish Mines.
  6040 | D:9      | Found a roughly hewn altar of Beogh.
  6206 | D:9      | Found a burning altar of Makhleb.
  6219 | D:9      | Became a worshipper of Makhleb the Destroyer
  6552 | D:10     | Entered Level 10 of the Dungeon
  6715 | D:10     | Found a stormy altar of Qazlal.
  6726 | D:10     | Found a staircase to the Lair.
  6902 | D:10     | Reached skill level 10 in Shields
  7264 | D:11     | Reached * piety under Makhleb
  7639 | D:11     | Noticed a five-headed hydra
  7796 | D:11     | Reached ** piety under Makhleb
  7916 | D:11     | Reached skill level 5 in Evocations
  8139 | D:11     | Killed a five-headed hydra
  8154 | D:11     | Reached XP level 12. HP: 46/106 MP: 13/13
  8158 | D:11     | Gained mutation: You tend to lose your temper in combat. [mutagenic meat]
  8159 | D:11     | Gained mutation: You are somewhat resistant to further mutation. [mutagenic meat]
  8162 | D:11     | Gained mutation: You occasionally shout uncontrollably at your foes. [mutagenic meat]
  8402 | Lair:1   | Entered Level 1 of the Lair of Beasts
  8467 | Lair:1   | Got a steaming ring mail
  8594 | Lair:1   | Found a labyrinth entrance.
  8603 | Lab      | Entered a labyrinth
  9507 | Lab      | Noticed a minotaur
  9618 | Lair:1   | Identified the +1 ring mail of the Orb {MR+ rCorr Str-4 Int+5} (You found it on level 1 of the Lair of Beasts)
  9632 | Lair:1   | Found a sparkling altar of Nemelex Xobeh.
  9938 | Lair:2   | Found a staircase to the Shoals.
 10077 | Lair:2   | Noticed soberaf's ghost (journeyman KoIE)
 10094 | Lair:2   | Killed soberaf's ghost
 10325 | Lair:2   | Reached *** piety under Makhleb
 10599 | Lair:3   | Noticed Harold
 10615 | Lair:3   | Killed Harold
 11204 | Lair:4   | Noticed an eight-headed hydra
 11215 | Lair:4   | Killed an eight-headed hydra
 11257 | Lair:4   | Reached **** piety under Makhleb
 11340 | Lair:4   | Reached XP level 13. HP: 102/115 MP: 0/16
 11385 | Lair:4   | Found a staircase to the Snake Pit.
 11586 | Lair:4   | Reached skill level 10 in Dodging
 11895 | Lair:5   | Found a staircase to the Slime Pits.
 12296 | Lair:5   | Identified a scroll of acquirement
 12329 | Lair:5   | Got a smoking broad axe
 12330 | Lair:5   | Identified the +12 broad axe of Rupnakki {flame, +Blink MR- Dex+4} (You acquired it on level 5 of the Lair of Beasts)
 12459 | Lair:5   | Reached ***** piety under Makhleb
 12774 | Lair:6   | Entered Level 6 of the Lair of Beasts
 13186 | Lair:6   | Noticed a fire dragon
 13257 | Lair:6   | Gained mutation: You resist negative energy. (rN+) [Deep Dwarf growth]
 13257 | Lair:6   | Reached XP level 14. HP: 124/126 MP: 16/18
 13275 | Lair:6   | Reached skill level 1 in Invocations
 13313 | Lair:6   | Found a large runed door.
 13314 | Lair:6   | Found a large runed door.
 13504 | Snake:1  | Entered Level 1 of the Snake Pit
 13506 | Snake:1  | Reached skill level 10 in Evocations
 13769 | Snake:1  | Reached ****** piety under Makhleb
 13926 | Snake:1  | Got a brightly glowing long sword
 13927 | Snake:1  | Identified the cursed +1 long sword "Noahuomo" {slice, rF+ MP+9 Str+4} (You found it on level 1 of the Snake Pit)
 13977 | Snake:1  | Killed from afar by a shock serpent

Skill      XL: |  1  2  3  4  5  6  7  8  9 10 11 12 13 14 |
---------------+-------------------------------------------+-----
Dodging        | 1 2 4 5 6 7 8 9 11 | 11.4
Fighting       | 3 4 6 7 8 |  8.8
Shields        | 4 5 6 9 10 11 12 | 12.6
Armour         | 4 5 6 7 10 11 12 13 | 13.4
Axes           | 3 4 5 6 9 10 11 12 13 | 13.1
Evocations     | 1 5 8 9 10 | 10.3
Invocations    | 3 |  3.6

Action                   |  1- 3 |  4- 6 |  7- 9 | 10-12 | 13-15 || total
-------------------------+-------+-------+-------+-------+-------++-------
Melee: War axe           |   101 |   165 |   181 |       |       ||   447
       Hand axe          |       |       |   271 |  1124 |   174 ||  1569
       Flail             |       |       |       |     8 |    33 ||    41
       Broad axe         |       |       |       |       |   345 ||   345
 Abil: Device Recharging |       |     1 |     2 |       |       ||     3
Evoke: Wand              |       |     8 |    16 |    46 |       ||    70
  Use: Scroll            |       |     6 |     4 |    25 |     7 ||    42
       Potion            |       |     1 |     2 |    11 |     6 ||    20
 Stab: Sleeping          |       |       |       |     2 |     2 ||     4
  Eat: Chunk             |       |     3 |    10 |    25 |     1 ||    39
       Pizza             |       |       |     1 |       |     4 ||     5
       Fruit             |       |       |       |     2 |     1 ||     3
       Beef jerky        |       |       |       |     2 |     1 ||     3
Armor: Scale mail        |    45 |    61 |   130 |    97 |       ||   333
       Ring mail         |       |       |       |    40 |    77 ||   117
Dodge: Dodged            |    30 |    67 |   183 |   525 |   321 ||  1126
Block: Shield            |    54 |    93 |   241 |   641 |   255 ||  1284
       Reflection        |       |       |       |     2 |    17 ||    19
       Large shield      |       |       |       |       |   146 ||   146
